APP
GREAT FALLS VOYAGERS @ CLEVELAND (APP) INDIANS
08/08/2044
 
TOP OF THE 1ST
Great Falls Voyagers batting - Pitching for Cleveland (APP) Indians : RHP Mike Shields
Pitching: RHP Mike Shields
Batting: RHB Andy Cotton 0-0: Called Strike
0-1: Fly out, F8 (Flyball, 8RXD, EV 102.5 MPH)
Batting: RHB Vic Lucatero 0-0: Ball
1-0: Called Strike
1-1: Ball
2-1: Swinging Strike
2-2: Strikes out swinging
Batting: LHB Josh Pittman 0-0: Foul Ball, location: 2F
0-1: Ball
1-1: Ball
2-1: SINGLE (Groundball, 4M, EV 95.6 MPH)
Batting: SHB Matt Childers 0-0: Ball
1-0: Swinging Strike
1-1: 2-RUN HOME RUN (Flyball, 9LD, EV 89.4 MPH), Distance : 341 ft
Batting: LHB Carlos Ramirez 0-0: Called Strike
0-1: Called Strike
0-2: Ball
1-2: TRIPLE (Flyball, 89XD, EV 110.6 MPH)
Batting: RHB Chris LaMore 0-0: Called Strike
0-1: Ball
1-1: Ball
Passed Ball!
Carlos Ramirez scores
2-1: Called Strike
2-2: Foul Ball, location: 2F
2-2: Ground out 4-3 (Groundball, 4, EV 86.9 MPH)
Top of the 1st over - 3 runs, 3 hits, 0 errors, 0 left on base; Great Falls 3 - Cleveland (APP) 0
BOTTOM OF THE 1ST
Cleveland (APP) Indians batting - Pitching for Great Falls Voyagers : LHP Phil Peterson
Pitching: LHP Phil Peterson
Batting: RHB John Clark 0-0: Called Strike
0-1: Foul Ball, location: 2F
0-2: Foul Ball, location: 2F
0-2: Ball
1-2: Ball
2-2: Ball
3-2: Strikes out swinging
Batting: RHB Carlos Manriquez 0-0: Ground out U3 (Groundball, 13, EV 90.0 MPH)
Batting: RHB Juan Gallardo 0-0: Called Strike
0-1: Ball
1-1: Foul Ball, location: 2F
1-2: Strikes out swinging
Bottom of the 1st over - 0 runs, 0 hits, 0 errors, 0 left on base; Great Falls 3 - Cleveland (APP) 0
TOP OF THE 2ND
Great Falls Voyagers batting - Pitching for Cleveland (APP) Indians : RHP Mike Shields
Batting: SHB Jose Romo 0-0: Foul Ball, location: 2F
0-1: Ground out 1-3 (Groundball, 13S, EV 71.2 MPH)
Batting: RHB Billy Grubbs 0-0: Ball
1-0: Ball
2-0: Ball
3-0: Foul Ball, location: 2F
3-1: Called Strike
3-2: Ground out 5-3 (Groundball, 56S, EV 85.6 MPH)
Batting: RHB Juan Tovar 0-0: Swinging Strike
0-1: Foul Ball, location: 2F
0-2: Strikes out looking
Top of the 2nd over - 0 runs, 0 hits, 0 errors, 0 left on base; Great Falls 3 - Cleveland (APP) 0
BOTTOM OF THE 2ND
Cleveland (APP) Indians batting - Pitching for Great Falls Voyagers : LHP Phil Peterson
Batting: RHB Luis Roman 0-0: Ball
1-0: Called Strike
1-1: SINGLE (Groundball, 34S, EV 83.1 MPH) (infield hit)
Batting: LHB Kenji Yokoyama 0-0: Ball
1-0: Fly out, F6 (Line Drive, 6, EV 74.4 MPH)
Batting: RHB Joe Shade 0-0: Ball
1-0: Grounds into double play, 4-6-3 (Groundball, 4, EV 100.6 MPH)
Bottom of the 2nd over - 0 runs, 1 hit, 0 errors, 0 left on base; Great Falls 3 - Cleveland (APP) 0
TOP OF THE 3RD
Great Falls Voyagers batting - Pitching for Cleveland (APP) Indians : RHP Mike Shields
Batting: RHB Andy Cotton 0-0: Ball
1-0: Foul Ball, location: 2F
1-1: Called Strike
1-2: Strikes out swinging
Batting: RHB Vic Lucatero 0-0: Foul Ball, location: 2F
0-1: Foul Ball, location: 2F
0-2: Ball
1-2: Fly out, F7 (Flyball, 78D, EV 90.6 MPH)
Batting: LHB Josh Pittman 0-0: Ball
1-0: Ground out 4-3 (Groundball, 4, EV 81.2 MPH)
Top of the 3rd over - 0 runs, 0 hits, 0 errors, 0 left on base; Great Falls 3 - Cleveland (APP) 0
BOTTOM OF THE 3RD
Cleveland (APP) Indians batting - Pitching for Great Falls Voyagers : LHP Phil Peterson
Batting: LHB Heath Ryland 0-0: Called Strike
0-1: Foul Ball, location: 2F
0-2: Ball
1-2: Strikes out looking
Batting: RHB Ken Shear 0-0: Ball
1-0: Ball
2-0: Ball
3-0: Called Strike
3-1: Reached on error, E6 (Groundball, 6, EV 79.4 MPH)
Batting: LHB Jose Esteban 0-0: Bunt missed!
0-1: Ball
1-1: Sac Bunt to 13 - play at first, batter OUT! 1-4
Ken Shear to second
Batting: RHB John Clark 0-0: Ball
1-0: Called Strike
1-1: Called Strike
1-2: Ground out 5-3 (Groundball, 56, EV 104.4 MPH)
Bottom of the 3rd over - 0 runs, 0 hits, 1 error, 1 left on base; Great Falls 3 - Cleveland (APP) 0
TOP OF THE 4TH
Great Falls Voyagers batting - Pitching for Cleveland (APP) Indians : RHP Mike Shields
Batting: SHB Matt Childers 0-0: SINGLE (Groundball, 4MD, EV 94.4 MPH)
Batting: LHB Carlos Ramirez 0-0: Ball
Passed Ball!
Matt Childers to second
1-0: Ball
Wild Pitch!
Matt Childers to third
2-0: Called Strike
2-1: Ball
3-1: Base on Balls
Batting: RHB Chris LaMore 0-0: Ball
1-0: Called Strike
1-1: Foul Ball, location: 2F
1-2: Ball
Passed Ball!
Matt Childers scores
Carlos Ramirez to second
2-2: Fly out, F7 (Flyball, 78M, EV 85.6 MPH)
Batting: SHB Jose Romo 0-0: Foul Ball, location: 2F
0-1: Foul Ball, location: 2F
0-2: Hit by Pitch
Batting: RHB Billy Grubbs 0-0: Foul Ball, location: 2F
0-1: Fielders Choice at 2nd, 4-6 (Groundball, 4, EV 91.2 MPH)
Carlos Ramirez to third
Batting: RHB Juan Tovar 0-0: Called Strike
0-1: Swinging Strike
0-2: Foul Ball, location: 2F
0-2: Ball
1-2: Strikes out swinging
Top of the 4th over - 1 run, 1 hit, 0 errors, 2 left on base; Great Falls 4 - Cleveland (APP) 0
BOTTOM OF THE 4TH
Cleveland (APP) Indians batting - Pitching for Great Falls Voyagers : LHP Phil Peterson
Batting: RHB Carlos Manriquez 0-0: Swinging Strike
0-1: Ball
1-1: Called Strike
1-2: Foul Ball, location: 2F
1-2: Fly out, F9 (Flyball, 89S, EV 78.1 MPH)
Batting: RHB Juan Gallardo 0-0: Foul Ball, location: 2F
0-1: Called Strike
0-2: Fly out, F2 (Popup, 13S, EV 86.2 MPH)
Batting: RHB Luis Roman 0-0: Ball
1-0: Ball
2-0: Ground out 4-3 (Groundball, 4M, EV 89.4 MPH)
Bottom of the 4th over - 0 runs, 0 hits, 0 errors, 0 left on base; Great Falls 4 - Cleveland (APP) 0
TOP OF THE 5TH
Great Falls Voyagers batting - Pitching for Cleveland (APP) Indians : RHP Mike Shields
Batting: RHB Andy Cotton 0-0: Hit by Pitch
Batting: RHB Vic Lucatero 0-0: Ball
1-0: Foul Ball, location: 2F
1-1: Called Strike
1-2: SINGLE (Line Drive, 9S, EV 105.6 MPH)
Andy Cotton to second
Batting: LHB Josh Pittman 0-0: Ball
1-0: Ball
2-0: Ball
Andy Cotton steals 3rd base
Vic Lucatero to second
3-0: Base on Balls
Batting: SHB Matt Childers 0-0: Ball
1-0: Called Strike
1-1: Called Strike
1-2: Strikes out swinging
Batting: LHB Carlos Ramirez 0-0: Ball
Passed Ball!
Andy Cotton scores
Vic Lucatero to third
Josh Pittman to second
1-0: Ball
Passed Ball!
Vic Lucatero scores
Josh Pittman to third
2-0: Called Strike
2-1: Called Strike
2-2: Ball
3-2: Base on Balls
Batting: RHB Chris LaMore 0-0: Foul Ball, location: 2F
0-1: Called Strike
0-2: SINGLE (Line Drive, 89M, EV 103.1 MPH)
Josh Pittman scores
Carlos Ramirez to second
Batting: SHB Jose Romo 0-0: Ball
1-0: Ball
Passed Ball!
Carlos Ramirez to third
Chris LaMore to second
2-0: Ball
3-0: Called Strike
3-1: Base on Balls
Batting: RHB Billy Grubbs 0-0: Ball
Passed Ball!
Carlos Ramirez scores
Chris LaMore to third
Jose Romo to second
1-0: Ball
2-0: Ball
3-0: Base on Balls
Batting: RHB Juan Tovar 0-0: Ball
1-0: Called Strike
Passed Ball!
Chris LaMore scores
Jose Romo to third
Billy Grubbs to second
1-1: Ball
2-1: Ball
Wild Pitch!
Jose Romo scores
Billy Grubbs to third
3-1: Base on Balls
Pitching: RHP Gilbert Paparelli
Batting: RHB Andy Cotton 0-0: Ball
1-0: Called Strike
1-1: Ball
Wild Pitch!
Billy Grubbs scores
Juan Tovar to second
2-1: Swinging Strike
2-2: Ball
3-2: Base on Balls
Batting: RHB Vic Lucatero 0-0: Ball
Wild Pitch!
Juan Tovar to third
Andy Cotton to second
1-0: Ball
2-0: Ball
3-0: Called Strike
3-1: Base on Balls
Batting: LHB Josh Pittman 0-0: Ball
Wild Pitch!
Juan Tovar scores
Andy Cotton to third
Vic Lucatero to second
1-0: Ball
2-0: Called Strike
2-1: Ball
3-1: Base on Balls
Batting: SHB Matt Childers 0-0: Ball
1-0: Called Strike
1-1: Ball
Passed Ball!
Andy Cotton scores
Vic Lucatero to third
Josh Pittman to second
2-1: Foul Ball, location: 2F
2-2: Ball
3-2: Base on Balls
Pitching: LHP Jordan Jimenez
Batting: LHB Carlos Ramirez 0-0: Ball
1-0: Ball
Passed Ball!
Vic Lucatero scores
Josh Pittman to third
Matt Childers to second
2-0: Ball
Passed Ball!
Josh Pittman scores
Matt Childers to third
3-0: Called Strike
3-1: Foul Ball, location: 2F
3-2: Base on Balls
Batting: RHB Chris LaMore 0-0: Ball
1-0: 3-RUN HOME RUN (Flyball, 7D, EV 97.5 MPH), Distance : 368 ft
Batting: SHB Jose Romo 0-0: Called Strike
0-1: Ball
1-1: Ball
2-1: Foul Ball, location: 2F
2-2: Foul Ball, location: 2F
2-2: Ball
3-2: Base on Balls
Batting: RHB Billy Grubbs 0-0: Foul Ball, location: 2F
0-1: Ball
Passed Ball!
Jose Romo to second
1-1: Ball
2-1: Ball
3-1: Base on Balls
Batting: RHB Juan Tovar 0-0: Called Strike
0-1: Ball
1-1: 3-RUN HOME RUN (Line Drive, 78XD, EV 103.1 MPH), Distance : 407 ft
Batting: RHB Andy Cotton 0-0: SOLO HOME RUN (Line Drive, 7LD, EV 93.1 MPH), Distance : 352 ft
Batting: RHB Vic Lucatero 0-0: SINGLE (Groundball, 4MD, EV 95.6 MPH)
Batting: LHB Josh Pittman 0-0: Foul Ball, location: 2F
0-1: Fly out, F6 (Popup, 6, EV 72.5 MPH)
Batting: SHB Matt Childers 0-0: Called Strike
0-1: Foul Ball, location: 2F
0-2: Fly out, F7 (Flyball, 7, EV 95.0 MPH)
Top of the 5th over - 18 runs, 6 hits, 0 errors, 1 left on base; Great Falls 22 - Cleveland (APP) 0
BOTTOM OF THE 5TH
Cleveland (APP) Indians batting - Pitching for Great Falls Voyagers : LHP Phil Peterson
Batting: LHB Kenji Yokoyama 0-0: Called Strike
0-1: Ball
1-1: Foul Ball, location: 2F
1-2: Strikes out looking
Batting: RHB Joe Shade 0-0: Ball
1-0: Swinging Strike
1-1: Fly out, F8 (Flyball, 89M, EV 94.4 MPH)
Batting: LHB Heath Ryland 0-0: Foul Ball, location: 2F
0-1: Swinging Strike
0-2: Ball
1-2: Ball
2-2: Strikes out swinging
Bottom of the 5th over - 0 runs, 0 hits, 0 errors, 0 left on base; Great Falls 22 - Cleveland (APP) 0
TOP OF THE 6TH
Great Falls Voyagers batting - Pitching for Cleveland (APP) Indians : LHP Jordan Jimenez
Batting: LHB Carlos Ramirez 0-0: Ball
1-0: Ball
2-0: Ball
3-0: Called Strike
3-1: Base on Balls
Batting: RHB Chris LaMore 0-0: Swinging Strike
Passed Ball!
Carlos Ramirez to second
0-1: Ball
Passed Ball!
Carlos Ramirez to third
1-1: Ball
2-1: Ball
3-1: Foul Ball, location: 2F
3-2: Base on Balls
Batting: SHB Jose Romo 0-0: Reached on error, E5 (Groundball, 5, EV 80.0 MPH)
Carlos Ramirez scores
Chris LaMore to second
Batting: RHB Billy Grubbs 0-0: Ball
Passed Ball!
Chris LaMore to third
Jose Romo to second
1-0: Ball
2-0: Foul Ball, location: 2F
2-1: Foul Ball, location: 2F
2-2: Foul Ball, location: 2F
2-2: Strikes out swinging
Batting: RHB Juan Tovar 0-0: Ball
1-0: Called Strike
1-1: Ball
Wild Pitch!
Chris LaMore scores
Jose Romo to third
2-1: Called Strike
2-2: Ball
3-2: Foul Ball, location: 2F
3-2: Base on Balls
Batting: RHB Andy Cotton 0-0: Ball
Wild Pitch!
Jose Romo scores
Juan Tovar to second
1-0: Ball
Passed Ball!
Juan Tovar to third
2-0: Foul Ball, location: 2F
2-1: Called Strike
2-2: Ball
3-2: Base on Balls
Batting: RHB Vic Lucatero 0-0: Called Strike
0-1: Hit by Pitch
Andy Cotton to second
Batting: LHB Josh Pittman 0-0: Called Strike
0-1: SINGLE (Groundball, 6M, EV 98.1 MPH)
Juan Tovar scores
Andy Cotton to third
Vic Lucatero to second
Runner from 3rd tries for Home, throw by CF and OUT! 8-2
Batting: SHB Matt Childers 0-0: Ball
Passed Ball!
Vic Lucatero to third
Josh Pittman to second
1-0: Foul Ball, location: 2F
1-1: Ball
2-1: Foul Ball, location: 2F
2-2: Ball
Passed Ball!
Vic Lucatero scores
Josh Pittman to third
3-2: Base on Balls
Batting: LHB Carlos Ramirez 0-0: Called Strike
0-1: Ground out U3 (Groundball, 3, EV 85.6 MPH)
Top of the 6th over - 5 runs, 1 hit, 1 error, 2 left on base; Great Falls 27 - Cleveland (APP) 0
BOTTOM OF THE 6TH
Cleveland (APP) Indians batting - Pitching for Great Falls Voyagers : LHP Phil Peterson
Batting: RHB Ken Shear 0-0: Ball
1-0: Foul Ball, location: 2F
1-1: Foul Ball, location: 2F
1-2: Foul Ball, location: 2F
1-2: SOLO HOME RUN (Line Drive, 7LD, EV 93.1 MPH), Distance : 354 ft
Batting: LHB Jose Esteban 0-0: Called Strike
0-1: Called Strike
0-2: Ball
1-2: Ball
2-2: Ball
3-2: Ground out 4-3 (Groundball, 4, EV 85.0 MPH)
Batting: RHB John Clark 0-0: Swinging Strike
0-1: Ball
1-1: Ball
2-1: Swinging Strike
2-2: Ball
3-2: SINGLE (Groundball, 34S, EV 75.6 MPH) (infield hit)
Batting: RHB Carlos Manriquez 0-0: Called Strike
0-1: Called Strike
0-2: Ball
1-2: Ball
2-2: Foul Ball, location: 2F
2-2: Ball
John Clark steals 2nd base (no throw)
3-2: Foul Ball, location: 2F
3-2: SINGLE (Groundball, 6MD, EV 98.8 MPH)
John Clark to third
Runner from 3rd tries for Home, SAFE, throw by CF to home
Carlos Manriquez to second
Batting: RHB Juan Gallardo 0-0: SINGLE (Line Drive, 6M, EV 94.4 MPH)
Carlos Manriquez to third
Batting: RHB Luis Roman 0-0: Ball
1-0: Foul Ball, location: 2F
1-1: SINGLE (Groundball, 5D, EV 100.0 MPH)
Carlos Manriquez scores
Juan Gallardo to second
Batting: LHB Kenji Yokoyama 0-0: Ball
1-0: Grounds into double play, 4-6-3 (Groundball, 4, EV 100.6 MPH)
Bottom of the 6th over - 3 runs, 5 hits, 0 errors, 1 left on base; Great Falls 27 - Cleveland (APP) 3
TOP OF THE 7TH
Great Falls Voyagers batting - Pitching for Cleveland (APP) Indians : LHP Jordan Jimenez
Batting: RHB Chris LaMore 0-0: Swinging Strike
0-1: Ball
1-1: Called Strike
1-2: Ball
2-2: Ball
3-2: Base on Balls
Pinch Hitting: RHB Kasey Bland 0-0: Ball
Passed Ball!
Chris LaMore to second
1-0: DOUBLE (Line Drive, 5D, EV 95.6 MPH)
Chris LaMore scores
Batting: RHB Billy Grubbs 0-0: Foul Ball, location: 2F
0-1: Called Strike
0-2: Strikes out looking
Batting: RHB Juan Tovar 0-0: Ball
1-0: Foul Ball, location: 2F
1-1: Ball
2-1: Ball
Passed Ball!
Kasey Bland to third
3-1: Swinging Strike
Passed Ball!
Kasey Bland scores
3-2: Foul Ball, location: 2F
3-2: Base on Balls
Batting: RHB Andy Cotton 0-0: Ball
1-0: Called Strike
1-1: Ball
2-1: Ball
3-1: Foul Ball, location: 2F
3-2: Foul Ball, location: 2F
3-2: Foul Ball, location: 2F
3-2: Foul Ball, location: 2F
3-2: Base on Balls
Juan Tovar to second
Batting: RHB Vic Lucatero 0-0: Grounds into double play, 6-4-3 (Groundball, 6, EV 87.5 MPH)
Top of the 7th over - 2 runs, 1 hit, 0 errors, 1 left on base; Great Falls 29 - Cleveland (APP) 3
BOTTOM OF THE 7TH
Cleveland (APP) Indians batting - Pitching for Great Falls Voyagers : LHP Phil Peterson
Now at SS: Kasey Bland
Batting: RHB Joe Shade 0-0: Ball
1-0: Called Strike
1-1: Ball
2-1: Foul Ball, location: 2F
2-2: Foul Ball, location: 2F
2-2: Strikes out swinging
Pitching: RHP Rick Sacket
Batting: LHB Heath Ryland 0-0: Called Strike
0-1: Ball
1-1: Reached on error, E6 (Groundball, 6, EV 95.0 MPH)
Batting: RHB Ken Shear 0-0: Bunted foul
0-1: Sac Bunt to 13S - play at first, batter OUT! 1-4
Heath Ryland to second
Batting: LHB Jose Esteban 0-0: Ball
1-0: Ground out 6-3 (Groundball, 6, EV 92.5 MPH)
Bottom of the 7th over - 0 runs, 0 hits, 1 error, 1 left on base; Great Falls 29 - Cleveland (APP) 3
TOP OF THE 8TH
Great Falls Voyagers batting - Pitching for Cleveland (APP) Indians : LHP Jordan Jimenez
Pinch Hitting: RHB Duncan Collins 0-0: Fly out, F9 (Flyball, 9, EV 94.4 MPH)
Batting: SHB Matt Childers 0-0: Foul Ball, location: 2F
0-1: SOLO HOME RUN (Line Drive, 7D, EV 100.0 MPH), Distance : 385 ft
Batting: LHB Carlos Ramirez 0-0: Ball
1-0: Ball
2-0: Foul Ball, location: 2F
2-1: Ground out 4-3 (Groundball, 4, EV 85.0 MPH)
Batting: RHB Chris LaMore 0-0: Swinging Strike
0-1: Foul Ball, location: 2F
0-2: Ground out 6-3 (Groundball, 6S, EV 80.0 MPH)
Top of the 8th over - 1 run, 1 hit, 0 errors, 0 left on base; Great Falls 30 - Cleveland (APP) 3
BOTTOM OF THE 8TH
Cleveland (APP) Indians batting - Pitching for Great Falls Voyagers : RHP Rick Sacket
Now in LF: Duncan Collins
Batting: RHB John Clark 0-0: Ground out 1-3 (Groundball, P, EV 70.0 MPH)
Batting: RHB Carlos Manriquez 0-0: Ground out 1-3 (Groundball, 13S, EV 67.5 MPH)
Batting: RHB Juan Gallardo 0-0: Ball
1-0: Ball
2-0: Called Strike
2-1: Called Strike
2-2: Ball
3-2: Fly out, F3 (Line Drive, 3, EV 76.2 MPH)
Bottom of the 8th over - 0 runs, 0 hits, 0 errors, 0 left on base; Great Falls 30 - Cleveland (APP) 3
TOP OF THE 9TH
Great Falls Voyagers batting - Pitching for Cleveland (APP) Indians : LHP Jordan Jimenez
Batting: RHB Kasey Bland 0-0: Ground out 4-3 (Groundball, 34, EV 90.0 MPH)
Batting: RHB Billy Grubbs 0-0: Called Strike
0-1: Swinging Strike
0-2: Ball
1-2: Fly out, F7 (Flyball, 7S, EV 75.6 MPH)
Batting: RHB Juan Tovar 0-0: Called Strike
0-1: Foul Ball, location: 2F
0-2: SINGLE (Flyball, 78S, EV 88.1 MPH)
Batting: RHB Andy Cotton 0-0: DOUBLE (Line Drive, 89XD, EV 109.4 MPH)
Juan Tovar to third
Runner from 3rd tries for Home, SAFE, no throw by CF
Batting: RHB Vic Lucatero 0-0: Fly out, F8 (Flyball, 89D, EV 96.2 MPH)
Top of the 9th over - 1 run, 2 hits, 0 errors, 1 left on base; Great Falls 31 - Cleveland (APP) 3
BOTTOM OF THE 9TH
Cleveland (APP) Indians batting - Pitching for Great Falls Voyagers : RHP Rick Sacket
Batting: RHB Luis Roman 0-0: Ball
1-0: Swinging Strike
1-1: Ball
2-1: Swinging Strike
2-2: Foul Ball, location: 2F
2-2: Foul Ball, location: 2F
2-2: Strikes out swinging
Batting: LHB Kenji Yokoyama 0-0: Called Strike
0-1: Foul Ball, location: 2F
0-2: Strikes out swinging
Batting: RHB Joe Shade 0-0: Swinging Strike
0-1: Ball
1-1: Ball
2-1: Ground out 6-3 (Groundball, 6M, EV 84.4 MPH)
Bottom of the 9th over - 0 runs, 0 hits, 0 errors, 0 left on base; Great Falls 31 - Cleveland (APP) 3
Thursday, March 31st , 2022 - OOTP Baseball 22.12 Build 89